 Dungeon Crawl Stone Soup version 0.27-b1-42-g19c61b19a5 (webtiles) character file.

Game seed: 9023803445755303561

6053 asdfasdfdf the Cleaver (level 10, -8/65 HPs)
             Began as a Gargoyle Fighter on July 30, 2021.
             Was an Elder of Okawaru.
             Mangled by a red ugly thing (14 damage)
             ... on level 9 of the Dungeon.
             The game lasted 00:11:24 (9633 turns).

asdfasdfdf the Cleaver (Gargoyle Fighter)           Turns: 9633, Time: 00:11:25

Health: -8/65      AC: 23    Str: 23    XL:     10   Next: 87%
Magic:  0/14       EV:  6    Int:  9    God:    Okawaru [****..]
Gold:   439        SH:  7    Dex:  9    Spells: 9/9 levels left

rFire    . . .     SeeInvis .   a - +3 war axe
rCold    . . .     Faith    .   s - +2 buckler
rNeg     + . .     Spirit   +   e - +0 plate armour
rPois    ∞         Reflect  .   n - +0 helmet
rElec    +         Harm     .   h - +0 cloak
rCorr    .         Rampage  .   k - +0 pair of gloves
Will     .....                  (no boots)
Stlth    ..........             i - amulet of guardian spirit
HPRegen  0.20/turn              (no ring)
MPRegen  0.14/turn              (no ring)

@: flying
A: sickness immunity, AC +7, negative energy resistance 1, electricity
resistance, torment resistance 1, petrification resistance
a: Renounce Religion, Heroism


You were on level 9 of the Dungeon.
You worshipped Okawaru.
Okawaru was greatly pleased with you.
You visited 2 branches of the dungeon, and saw 10 of its levels.

You collected 439 gold pieces.

Inventory:

Hand Weapons
 a - a +3 war axe (weapon)
 b - a +3 morningstar of protection
 c - a +4 hand axe
Missiles
 j - 6 javelins
 o - a throwing net (quivered)
 r - a curare-tipped dart
Armour
 e - a +0 plate armour (worn)
 h - a +0 cloak (worn)
 k - a +0 pair of gloves (worn)
 n - a +0 helmet (worn)
 s - a +2 buckler (worn)
Jewellery
 i - an amulet of guardian spirit (around neck)
Wands
 I - a wand of iceblast (12)
 P - a wand of paralysis (8)
 V - a wand of flame (21)
Scrolls
 f - a scroll of fog
 l - a scroll of summoning {unknown}
 m - 2 scrolls of brand weapon {unknown}
 u - a scroll of magic mapping
 v - 2 scrolls of vulnerability
Potions
 d - a potion of might
 g - a potion of cancellation
 p - 2 potions of attraction
 q - a potion of curing
 w - 2 potions of heal wounds
 z - a potion of flight


   Skills:
 + Level 8.5 Fighting
 * Level 9.5 Axes
 + Level 6.0 Armour
 + Level 8.5 Shields
 + Level 5.9 Invocations


You had 9 spell levels left.
You didn't know any spells.
Your spell library contained the following spells:

 Spells                   Type           Power      Damage    Failure   Level
 Corona                   Hex            0%         N/A       100%        1
 Magic Dart               Conj           0%         1d3       100%        1
 Ensorcelled Hibernation  Hex/Ice        0%         N/A       100%        2
 Searing Ray              Conj           0%         3d3       100%        2
 Stone Arrow              Conj/Erth      0%         3d7       100%        3
 Tukima's Dance           Hex            0%         N/A       100%        3
 Animate Armour           Summ/Erth      0%         N/A       100%        4
 Fulminant Prism          Conj/Hex       0%         3d6       100%        4
 Hailstorm                Conj/Ice       0%         3d3       100%        4
 Ice Form                 Ice/Tmut       0%         N/A       100%        4
 Passage of Golubria      Tloc           N/A        N/A       100%        4
 Silence                  Hex/Air        0%         N/A       100%        5
 Simulacrum               Ice/Necr       0%         N/A       100%        6
 Lehudib's Crystal Spear  Conj/Erth      0%         10d2      100%        8


Dungeon Overview and Level Annotations

Branches:
Dungeon (9/15)             Temple (1/1) D:5
   Lair: D:8-11         Orc: D:9-12

Altars:
Cheibriados
Dithmenos
Gozag
Hepliaklqana
Kikubaaqudgha
Makhleb
Nemelex Xobeh
Okawaru
Qazlal
Ru
Sif Muna
Trog
Vehumet
Wu Jian
Xom
Yredelemnul
Zin
The Shining One

Shops:
D:4 *


Innate Abilities, Weirdness & Mutations

You are immune to sickness and miasma.
Your stone body is resilient. (AC +7)
You are immune to poison.
You resist negative energy. (rN+)
You are resistant to electric shocks. (rElec)
You are resistant to unholy torment.
You are immune to petrification.


Message History

But you're not safe! The efreet gestures at you.
The fireball explodes!
The fireball engulfs you!
You hear an angry hiss.
You hear a horrible gurgling sound!
You hear a shout! x5
You hear a howl!
You hear a shout!
You feel like a meek peon again. The orc barely misses you.
An orc is nearby!
You gain the combat prowess of a mighty hero.
The orc hits you but does no damage.
You slash the orc!
You kill the orc!
Okawaru accepts your kill.
You slash the efreet! The efreet gestures at you.
The fireball explodes!
The fireball engulfs you!
The fireball engulfs the efreet.
The efreet completely resists.
You hear a shout!
You completely miss the efreet.
You hear an angry buzzing noise.
The efreet gestures at you.
The fireball explodes!
The fireball engulfs you!
The fireball engulfs the efreet.
The efreet completely resists.
You hear a shout!
You hit the efreet but do no damage. You hit the efreet but do no damage.
The efreet gestures at you. The bolt of fire hits you.
You slash the efreet! The efreet gestures at you.
The bolt of fire hits you but does no damage.
You slash the efreet! The efreet gestures at you. The bolt of fire hits you!
You are too injured to fight recklessly!
You are too injured to fight recklessly!
You are too injured to fight recklessly!
You barely miss the efreet. The efreet hits you but does no damage.
You hit the efreet. You hit the efreet. You block the efreet's attack.
You slash the efreet!
You kill the efreet!
Okawaru accepts your kill.
A deep elf pyromancer comes into view. It is wielding a +0 short sword.
Things that are here:
a +4 scimitar of flaming; a +0 falchion; an orc corpse
Okay, then.
Unknown command.
You start resting.
You feel like a meek peon again.
You start resting.
An orc priest comes into view. It is wielding a +0 flail.
You closely miss the orc priest. You block the orc priest's attack.
You hit the orc priest.
The orc priest calls down the wrath of Beogh upon you.
Beogh smites you!
* * * LOW HITPOINT WARNING * * *
You barely miss the orc priest.
The orc priest hits you but does no damage.
You slash the orc priest!
You kill the orc priest!
Okawaru accepts your kill.
You start resting.
A deep elf pyromancer is nearby!
You feel very mighty all of a sudden.
The deep elf pyromancer shouts!
You block the deep elf pyromancer's attack.
You barely miss the deep elf pyromancer.
The deep elf pyromancer mumbles some strange words.
The deep elf pyromancer blinks!
As you read the scroll of teleportation, it crumbles to dust.
You feel strangely unstable.
You start resting.
A deep elf pyromancer is nearby!
You slash the deep elf pyromancer! You slash the deep elf pyromancer!
Your surroundings suddenly seem different.
A vampire mosquito comes into view.
You block the vampire mosquito's attack.
You slash the vampire mosquito!
You hear a shout!
The vampire mosquito bites you but does no damage.
You block the vampire mosquito's attack.
An orc comes into view. It is wielding a +0 club.
You closely miss the vampire mosquito.
You block the vampire mosquito's attack.
The vampire mosquito bites you but does no damage.
You hit the vampire mosquito.
You block the vampire mosquito's attack.
The vampire mosquito barely misses you.
You slice the vampire mosquito!!
You destroy the vampire mosquito!
Okawaru accepts your kill.
You slash the orc!
You kill the orc!
Okawaru accepts your kill.
Things that are here:
a +0 club; an orc corpse You start resting.
You feel a little less mighty now.
A deep elf pyromancer is nearby!
But you're not safe!
The deep elf pyromancer shouts!
You gain the combat prowess of a mighty hero.
The deep elf pyromancer gestures wildly while chanting.
The deep elf pyromancer blinks!
Things that are here:
a +0 club; an orc corpse The deep elf pyromancer closely misses you.
Your plate armour prevents you from hitting the deep elf pyromancer.
You block the deep elf pyromancer's attack.
You slice the deep elf pyromancer!!
The deep elf pyromancer hits you but does no damage.
You slice the deep elf pyromancer!!
You kill the deep elf pyromancer!
Okawaru is honoured by your kill.
Your base Armour skill increases to level 6!
You see here a +0 short sword.
A centaur warrior comes into view.
The centaur warrior moves out of view.
A red ugly thing comes into view.
But you're not safe! But you're not safe!
It was a potion of flight.
You feel very buoyant.
You fly up into the air.
The red ugly thing gurgles horribly!
Your plate armour prevents you from hitting the red ugly thing.
The red ugly thing tail-slaps you but does no damage.
You barely miss the red ugly thing. The red ugly thing barely misses you.
You slice the red ugly thing!! You barely miss the red ugly thing.
The red ugly thing tail-slaps you but does no damage.
You slice the red ugly thing!! You block the red ugly thing's attack.
You closely miss the red ugly thing.
You feel like a meek peon again. The red ugly thing tail-slaps you!
You are engulfed in flames!
You slash the red ugly thing!
The red ugly thing tail-slaps you but does no damage.
You closely miss the red ugly thing. The red ugly thing tail-slaps you!
You are engulfed in flames!!
* * * LOW HITPOINT WARNING * * *
HP warning!
You are too injured to fight recklessly!
You are too injured to fight recklessly!
You hit the red ugly thing. The red ugly thing tail-slaps you.
* * * LOW HITPOINT WARNING * * *
You are engulfed in flames!
You die...

##.###e###..
#..#####..#.#..#.##
#.......##.e##..#.
#####.#########.###
#.##.. ......
#.#○.. ## ####### #
#.#○o# ..# #.#)##R
.. #..u@##.#
#.#..).# #.##..## #
####


You could see a red ugly thing.

Vanquished Creatures
  A deep elf pyromancer (D:9)
  Maurice (D:8)
  Maggie (D:6)
  Psyche (D:8)
  An efreet (D:9)
  Sigmund (D:6)
  9 yaks (D:9)
  A wyvern (D:8)
  A steam dragon (D:7)
  A vampire mosquito (D:9)
  Duvessa (D:6)
  A black bear (D:5)
  A necrophage (D:6)
  An orc warrior (D:6)
  A phantom (D:6)
  4 centaurs
  3 kobold brigands
  Blork the orc (D:6)
  3 bullfrogs
  A gnoll sergeant (D:5)
  3 scorpions
  Dowan (D:6)
  A wyvern skeleton (D:5)
  5 wights (D:5)
  A bullfrog zombie (D:5)
  A centaur zombie (D:9)
  A hound (D:5)
  A jelly (D:4)
  4 orc priests
  A bullfrog skeleton (D:7)
  2 iguanas
  3 iron imps
  A centaur skeleton (D:6)
  3 orc wizards
  3 howler monkey zombies
  Robin (D:2)
  6 gnolls
  5 adders
  2 ufetubi
  5 worms
  3 dart slugs
  14 orcs
  7 ball pythons
  6 bats
  7 endoplasms
  3 giant cockroaches
  13 goblins
  9 hobgoblins
  13 jackals
  6 quokkas
  5 frilled lizards
  8 kobolds
  4 rats
  2 bushes (D:3)
185 creatures vanquished.

Vanquished Creatures (others)
  2 plants (D:3)
2 creatures vanquished.

Grand Total: 187 creatures vanquished

Notes
Turn   | Place    | Note
-------+----------+-------------------------------------------
     0 | D:1      | asdfasdfdf the Gargoyle Fighter began the quest for the
                  | Orb.
     0 | D:1      | Reached XP level 1. HP: 14/14 MP: 1/1
   209 | D:1      | Reached skill level 2 in Axes
   544 | D:1      | Reached XP level 2. HP: 19/19 MP: 2/2
  1032 | D:1      | Reached XP level 3. HP: 23/23 MP: 3/3
  1296 | D:1      | Found a faded altar of an unknown god.
  1625 | D:2      | Noticed Robin
  1635 | D:2      | Reached XP level 4. HP: 17/29 MP: 1/4
  1638 | D:2      | Reached skill level 3 in Axes
  1642 | D:2      | Killed Robin
  2626 | D:3      | Reached XP level 5. HP: 30/33 MP: 3/5
  3422 | D:4      | Reached skill level 4 in Axes
  3428 | D:4      | Found Wuturog's Whimsical Warehouse.
  3795 | D:4      | Reached XP level 6. HP: 39/39 MP: 6/6
  3964 | D:5      | Entered Level 5 of the Dungeon
  4580 | D:5      | Reached skill level 5 in Fighting
  4580 | D:5      | Reached skill level 5 in Shields
  4580 | D:5      | Reached XP level 7. HP: 36/44 MP: 7/7
  4587 | D:5      | Reached skill level 5 in Axes
  4732 | D:5      | Found a staircase to the Ecumenical Temple.
  4749 | Temple   | Entered the Ecumenical Temple
  4843 | Temple   | Became a worshipper of Warmaster Okawaru
  5701 | D:5      | Reached XP level 8. HP: 47/51 MP: 8/8
  5707 | D:5      | Reached skill level 6 in Axes
  5738 | D:5      | Reached * piety under Okawaru
  6053 | D:6      | Noticed Duvessa
  6054 | D:6      | Noticed Dowan
  6071 | D:6      | Killed Duvessa
  6072 | D:6      | Reached skill level 1 in Invocations
  6221 | D:6      | Killed Dowan
  6252 | D:6      | Noticed Blork the orc
  6264 | D:6      | Killed Blork the orc
  6274 | D:6      | Reached skill level 7 in Axes
  6378 | D:6      | Noticed Maggie
  6457 | D:6      | Found a burning altar of Makhleb.
  6478 | D:6      | Noticed Sigmund
  6542 | D:6      | Reached XP level 9. HP: 54/56 MP: 9/11
  6681 | D:7      | Reached ** piety under Okawaru
  7620 | D:6      | Killed Maggie
  7642 | D:6      | Killed Sigmund
  7796 | D:6      | Reached skill level 8 in Axes
  8104 | D:8      | Noticed Psyche
  8111 | D:8      | Killed Psyche
  8111 | D:8      | Reached *** piety under Okawaru
  8241 | D:8      | Found a stormy altar of Qazlal.
  8685 | D:8      | Noticed Maurice
  8693 | D:8      | Received a gift from Okawaru
  8694 | D:8      | Reached XP level 10. HP: 56/63 MP: 10/13
  8701 | D:8      | Killed Maurice
  8702 | D:8      | Reached skill level 5 in Armour
  9086 | D:9      | Reached skill level 5 in Invocations
  9231 | D:9      | Reached skill level 9 in Axes
  9371 | D:9      | Reached **** piety under Okawaru
  9477 | D:9      | Noticed a deep elf pyromancer
  9604 | D:9      | Killed a deep elf pyromancer
  9608 | D:9      | Noticed a centaur warrior
  9622 | D:9      | Noticed a red ugly thing
  9633 | D:9      | Mangled by a red ugly thing

Illustrated notes

Levels and vault maps discovered:
D:1:      nagdon_arrival_zigzag_paths, layout_basic,
          dilly_ecumenical_altar_fadedgnrine, corexii_corridor_pit
D:2:      layout_rooms, hangedman_glass_teeth, kennysheep_nondescript,
          grunt_ministairs_11, uniq_robin
D:3:      layout_loops_cross, serial_forest, infiniplex_forest_lined_room_,
          infiniplex_forest_end_2, infiniplex_forest_corner_1,
          infiniplex_forest_end_2, infiniplex_forest_lined_3_way,
          infiniplex_forest_lined_corner, infiniplex_forest_straight_4,
          infiniplex_forest_lined_room_
D:4:      layout_loops_ring, nicolae_alphabet_shops, serial_park_tiny_2,
          wad_floor_pattern_untrapped
D:5:      layout_basic, temple_doors_e, kennysheep_doodads
D:6:      layout_rooms, demons_altar, uniq_sigmund, uniq_duvessa,
          uniq_blork_the_orc, uniq_maggie
D:7:      layout_loops_corners, eino_curves_04
D:8:      layout_loops_corners, mainiacjoe_overflow_24_doors, uniq_psyche,
          uniq_maurice
D:9:      minmay_the_grid_net [minmay_the_grid_fan, minmay_the_grid_spikes,
          minmay_the_grid_stretched_grid, minmay_the_grid_tree,
          minmay_the_grid_all_tris, minmay_the_grid_prize_inner_circle],
          layout_basic, mainiacjoe_overflow_chevrons, uniq_joseph
Temple:   lightli_temple_of_artemis

Skill      XL: |  1  2  3  4  5  6  7  8  9 10 |
---------------+-------------------------------+-----
Axes           | 2 3 4 5 7 8 9 |  9.5
Shields        | 4 5 6 7 8 |  8.5
Fighting       | 4 5 6 7 8 |  8.5
Invocations    | 3 4 5 |  5.9
Armour         | 4 6 |  6.0

Action                   |  1- 3 |  4- 6 |  7- 9 | 10-12 || total
-------------------------+-------+-------+-------+-------++-------
Melee: War axe           |   107 |   310 |   120 |   146 ||   683
       Hand axe          |       |     9 |   157 |       ||   166
Invok: Heroism           |       |       |     5 |     6 ||    11
  Use: Scroll            |       |     2 |    13 |     1 ||    16
       Potion            |       |     6 |     1 |     2 ||     9
Armor: Scale mail        |    54 |       |       |       ||    54
       Ring mail         |    22 |   123 |   137 |       ||   282
       Skin              |       |     3 |       |       ||     3
       Plate armour      |       |       |    64 |    61 ||   125
Dodge: Dodged            |    42 |    88 |   146 |    25 ||   301
Block: Kite shield       |    79 |    69 |       |       ||   148
       Buckler           |       |    33 |   127 |    38 ||   198
